 Dungeon Crawl Stone Soup version 0.29.1-2-gbd0b4ee654 (webtiles) character file.

Game seed: 10553873990955935669

456 xian the Cudgeller (level 7, 0/66 HPs)
             Began as a Gargoyle Berserker on Oct 29, 2022.
             Was a Priest of Trog.
             Killed by divine providence
             ... invoked by an orc priest
              (13 damage)
             ... on level 5 of the Dungeon.
             The game lasted 00:14:08 (4290 turns).

xian the Cudgeller (Gargoyle Berserker)             Turns: 4290, Time: 00:14:08

Health: 0/66       AC: 22    Str: 22    XL:     7   Next: 6%
Magic:  7/7        EV: 11    Int:  8    God:    Trog [***...]
Gold:   195        SH:  0    Dex:  9    Spells: 6/6 levels left

rFire   . . .      SeeInvis .   e - +0 whip (elec)
rCold   . . .      Faith    .   (no shield)
rNeg    + . .      Spirit   .   i - +0 plate armour
rPois   ∞          Reflect  .   x - +2 helmet
rElec   +          Harm     .   g - scarf {+Inv}
rCorr   .          Rampage  .   s - +0 pair of gloves
Will    .....                   c - +0 pair of boots
Stlth   ..........              a - amulet of magic regeneration
HPRegen 0.21/turn               h - +4 ring of evasion
MPRegen 0.50/turn               A - +4 ring of slaying

@: berserking (expiring), studying Polearms, very quick
A: sickness immunity, AC +4, negative energy resistance 1, electricity
resistance, torment resistance 1, petrification resistance
a: Renounce Religion, Evoke Invisibility, Berserk, Trog's Hand


You were on level 5 of the Dungeon.
You worshipped Trog.
Trog was most pleased with you.
You visited 1 branch of the dungeon, and saw 5 of its levels.

You collected 195 gold pieces.

Inventory:

Hand Weapons
 e - a +0 whip of electrocution (weapon)
Missiles
 j - 5 boomerangs (quivered)
 q - 7 poisoned darts
Armour
 c - a +0 pair of boots (worn)
 g - a scarf of invisibility (worn)
 i - a +0 plate armour (worn)
 r - a +2 leather armour of willpower
 s - a +0 pair of gloves (worn)
 x - a +2 helmet (worn)
Magical Staves
 o - a staff of air
Jewellery
 a - an amulet of magic regeneration (around neck)
 h - a +4 ring of evasion (left hand)
 u - a ring of ice
 A - a +4 ring of slaying (right hand)
Wands
 y - a wand of roots (11)
Scrolls
 m - a scroll of immolation
 p - 2 scrolls of fear
 t - a scroll of fog
 w - a scroll of enchant armour
Potions
 b - 2 potions of berserk rage {unknown}
 d - 4 potions of curing {unknown}
 f - a potion of cancellation {unknown}
 k - 2 potions of heal wounds {unknown}
 l - a potion of mutation {unknown}
 n - a potion of ambrosia {unknown}
 v - 2 potions of attraction {unknown}
 z - a potion of resistance {unknown}


   Skills:
 + Level 4.6 Fighting
 + Level 5.7 Maces & Flails
 + Level 4.5 Armour
 + Level 1.8 Dodging
 + Level 1.3 Stealth


You had 6 spell levels left.
You didn't know any spells.
Your spell library contained the following spells:

 Spells                   Type           Power      Damage    Failure   Level
 Gell's Gravitas          Tloc           0%         N/A       100%        3
 Inner Flame              Hex/Fire       0%         N/A       100%        3
 Lesser Beckoning         Tloc           0%         N/A       100%        3
 Teleport Other           Tloc           0%         N/A       100%        3
 Cause Fear               Hex            0%         N/A       100%        4
 Discord                  Hex            0%         N/A       100%        8


Dungeon Overview and Level Annotations

Branches:
Dungeon (5/15)             Temple (0/1) D:5

Altars:
Gozag
Nemelex Xobeh
Xom

Shops:
D:3 !


Innate Abilities, Weirdness & Mutations

You are immune to sickness and miasma.
Your stone body is resilient. (AC +4)
You are immune to poison.
You resist negative energy. (rN+)
You are resistant to electric shocks. (rElec)
You are resistant to unholy torment.
You are immune to petrification.


Message History

The orc priest calls down the wrath of Beogh upon you.
Beogh smites you!
Okay, then.
You miss the adder.
The adder is severely wounded.
The adder bites you but does no damage.
You whack the adder!
You kill the adder!
Trog accepts your kill. The orc barely misses you.
There is an open door here.
You see here an adder corpse.
You hit the orc.
The orc is almost dead.
The orc priest calls down the wrath of Beogh upon you.
Beogh smites you!
* * * LOW HITPOINT WARNING * * *
The orc barely misses you.
You thrash the orc!! Lightning courses through the orc!
You kill the orc!
Trog accepts your kill.
The orc priest hits you but does no damage.
Things that are here:
a +0 club; an orc corpse You whack the orc priest!
The orc priest is heavily wounded.
You whack the orc priest!
You kill the orc priest!
Trog accepts your kill.
You have reached level 7!
You barely miss the orc priest.
The orc priest hits you but does no damage.
You hit the orc priest.
The orc priest is moderately wounded.
Unknown command.
You barely miss the orc priest.
The orc priest is moderately wounded.
The orc priest invokes the aid of Beogh against you.
Beogh smites you!
You die...

##### #######
....o#####.....##############
..................#.........#
.....)............#.###.....#
......................#.....#
......................#.....##
..........#'###.......#......#
..........#.###..............#
............o@†...............
.......########...........##..
.................#..........##
#'##........................##
............................'.
..................###......##
................### #####'##.
................# #....#.
....#...........# #.####+


You could see an orc priest.

Vanquished Creatures
  A phantom (D:5)
  A scorpion (D:5)
  A hound (D:4)
  An orc priest (D:5)
  An iguana (D:5)
  2 orc wizards (D:4)
  Robin (D:4)
  6 adders
  A shadow imp (D:5)
  A white imp (D:5)
  2 ufetubi (D:5)
  2 dart slugs
  9 orcs
  5 ball pythons
  5 bats
  9 endoplasms
  3 giant cockroaches
  3 hobgoblins
  9 jackals
  5 kobolds
  2 quokkas
  3 frilled lizards
  15 goblins
  4 rats
92 creatures vanquished.

Notes
Turn   | Place    | Note
-------+----------+-------------------------------------------
     0 | D:1      | xian the Gargoyle Berserker began the quest for the Orb.
     0 | D:1      | Reached XP level 1. HP: 14/14 MP: 1/1
    75 | D:1      | You fall into a shaft and drop 1 floor!
   340 | D:2      | Reached XP level 2. HP: 19/20 MP: 2/2
   379 | D:2      | Found a faded altar of an unknown god.
   379 | D:2      | Found a shimmering altar of Xom.
   718 | D:2      | Reached XP level 3. HP: 24/24 MP: 3/3
  1216 | D:2      | Reached ** piety under Trog
  1465 | D:3      | Found Yxonallu's Distillery.
  1592 | D:3      | Reached XP level 4. HP: 26/29 MP: 4/4
  1954 | D:3      | Found a sparkling altar of Nemelex Xobeh.
  2432 | D:4      | Reached skill level 4 in Maces & Flails
  2438 | D:4      | Reached XP level 5. HP: 8/33 MP: 5/5
  2897 | D:4      | Noticed Robin
  2911 | D:4      | Killed Robin
  3461 | D:4      | Found an opulent altar of Gozag.
  3699 | D:5      | Entered Level 5 of the Dungeon
  3795 | D:5      | Reached skill level 5 in Maces & Flails
  3795 | D:5      | Reached XP level 6. HP: 39/39 MP: 6/6
  3844 | D:5      | Reached skill level 1 in Stealth
  3860 | D:5      | Found a staircase to the Ecumenical Temple.
  3951 | D:5      | Reached *** piety under Trog
  4288 | D:5      | Reached XP level 7. HP: 13/44 MP: 7/7
  4290 | D:5      | Killed from afar by an orc priest

Illustrated notes

Levels and vault maps discovered:
D:1:      minmay_arrival_nine_rooms, layout_loops_ring
D:2:      minmay_chambers_of_ones, layout_basic, basic_altar,
          chequers_ecumenical_altar_simple_redux, st_stairs_1
D:3:      layout_rooms, nemelex_dance_club_becter, serial_shops, shop,
          serial_corexii_hall, chequers_hall_statues_y, corexii_hall_statues_l,
          corexii_hall_statues_l, corexii_hall_statues_deadend,
          corexii_hall_statues_i, corexii_hall_statues_i,
          guppyfry_early_lair_pool
D:4:      layout_basic, grunt_gozag_breadcrumbs, uniq_robin
D:5:      layout_basic, minmay_temple_entry_waves

Skill      XL: |  1  2  3  4  5  6 |
---------------+-------------------+-----
Fighting       | 4 |  4.6
Maces & Flails | 4 5 |  5.7
Armour         | 3 4 |  4.5
Stealth        | 1 |  1.3
Dodging        | |  1.8

Action                   |  1- 3 |  4- 6 |  7- 9 || total
-------------------------+-------+-------+-------++-------
Melee: Whip              |   119 |   228 |     3 ||   350
       Mace              |     3 |       |       ||     3
       Punch             |     3 |       |       ||     3
Throw: Boomerang         |     1 |     4 |       ||     5
Invok: Berserk           |     1 |     5 |       ||     6
  Use: Scroll            |       |     5 |       ||     5
Armor: Animal skin       |    12 |       |       ||    12
       Plate armour      |    89 |   185 |     1 ||   275
Dodge: Dodged            |    61 |    75 |       ||   136
